 Dungeon Crawl Stone Soup version 0.27-a0-1513-g2aaa0cc67b (webtiles) character file.

Game seed: 12638635861850987471

104 blackman the Ducker (level 5, -1/42 HPs)
             Began as a Human Monk on July 9, 2021.
             Was a Priest of Zin.
             Killed from afar by Ijyb (12 damage)
             ... with a bolt of acid
             ... on level 3 of the Dungeon.
             The game lasted 00:11:03 (3702 turns).

blackman the Ducker (Human Monk)                    Turns: 3702, Time: 00:11:04

Health: -1/42      AC:  3    Str: 14    XL:     5   Next: 7%
Magic:  3/5        EV: 11    Int: 11    God:    Zin [***...]
Gold:   104        SH:  0    Dex: 16    Spells: 4/4 levels left

rFire    . . .     SeeInvis .   g - +1 short sword (elec)
rCold    . . .     Faith    .   (no shield)
rNeg     . . .     Spirit   .   p - +0 scale mail
rPois    ∞         Reflect  .   (no helmet)
rElec    .         Harm     .   (no cloak)
rCorr    .         Rampage  .   h - +0 pair of gloves
Will     .....                  (no boots)
Stlth    +.........             (no amulet)
HPRegen  0.14/turn              (no ring)
MPRegen  0.09/turn              (no ring)

@: vitalised, corroded, studying Axes
A: no striking features
a: Renounce Religion, Recite, Vitalisation, Imprison, Donate Gold


You were on level 3 of the Dungeon.
You worshipped Zin.
Zin was most pleased with you.
You visited 1 branch of the dungeon, and saw 3 of its levels.

You collected 115 gold pieces.
You donated 11 gold pieces to Zin.

Inventory:

Hand Weapons
 a - a +0 hand axe
 e - a +1 dagger of venom
 g - a +1 short sword of electrocution (weapon)
Missiles
 m - 13 poisoned darts (quivered)
Armour
 h - a +0 pair of gloves (worn)
 p - a +0 scale mail (worn)
Scrolls
 b - a scroll of teleportation {unknown}
 f - a scroll of blinking
 n - a scroll of summoning {unknown}
Potions
 d - a potion of cancellation {unknown}
 i - a potion of attraction {unknown}
 j - 2 potions of haste {unknown}
 k - a potion of heal wounds {unknown}
 l - 2 potions of curing {unknown}
 o - a potion of might {unknown}


   Skills:
 + Level 3.7 Fighting
 + Level 4.0 Axes
 * Level 4.3 Dodging
 - Level 2.0 Stealth


You had 4 spell levels left.
You didn't know any spells.
Your spell library contained the following spells:

 Spells                   Type           Power      Damage    Failure   Level
 Magic Dart               Conj           0%         1d3       85%         1
 Blink                    Tloc           N/A        N/A       94%         2
 Searing Ray              Conj           0%         3d3       94%         2
 Frozen Ramparts          Ice            0%         1d2       99%         3
 Gell's Gravitas          Tloc           0%         N/A       99%         3
 Lesser Beckoning         Tloc           0%         N/A       99%         3
 Teleport Other           Tloc           0%         N/A       99%         3
 Fulminant Prism          Conj/Hex       0%         3d6       100%        4
 Ice Form                 Ice/Tmut       0%         N/A       100%        4
 Iskenderun's Mystic Bla  Conj/Tloc      0%         2d3       100%        4
 Summon Ice Beast         Ice/Summ       0%         N/A       100%        4
 Lee's Rapid Deconstruct  Erth           0%         3d5*      100%        5
 Manifold Assault         Tloc           0%         N/A       100%        5
 Storm Form               Tmut/Air       0%         N/A       100%        7


Dungeon Overview and Level Annotations

Branches:
Dungeon (3/15)

Altars:
Gozag
Nemelex Xobeh
Zin

Shops:
D:1 (

Annotations:
D:3 Ijyb


Message History

Found 20 sling bullets.
You pay a tithe of 1 gold.
You now have 104 gold pieces (gained 13).
You see here 20 sling bullets.
Found 23 arrows.
You see here 23 arrows.
Found a whip.
A goblin comes into view. It is wielding a +0 dagger.
The goblin shouts!
A goblin is nearby!
The goblin misses you.
You hit the goblin. Lightning courses through the goblin!
You kill the goblin!
No target in view!
No target in view!
You see here a +0 dagger.
l - 2 grey potions (gained 1)
There is a stone staircase leading down here.
Key pressed, stopping explore.
A worm comes into view.
A worm is nearby!
Ijyb the Twisted Goblin comes into view.
She is wielding a +0 club and carrying a wand of acid (5).
Ijyb shouts!
Ijyb screams, "Level is mine!
All mine!"
A goblin comes into view. It is wielding a +0 dagger.
A ball python comes into view.
The goblin shouts!
Ijyb hits you with a +0 club.
You hit Ijyb.
Ijyb is lightly wounded.
Ijyb hits you with a +0 club.
You hit Ijyb. Lightning courses through Ijyb!
Ijyb is severely wounded.
Ijyb zaps a wand.
The bolt of acid hits you! The acid corrodes you!
You are splashed with acid!
* * * LOW HITPOINT WARNING * * *
The worm barely misses you.
You are too injured to fight recklessly!
Zin grants you divine stamina.
Ijyb zaps a wand.
The bolt of acid hits you!
You die...

####.####.............#####.....
#...>...........................
#.###################.#####.....
#.# #############.#####..... #.#
........................ ##.###
...................###.# .....#
...................# #.. .....#
...................# ##. .†...#
.....Sg@........)..# #. .....#
.....g.w...........####. .....#
........#####.######.... .....#
........#####.# #.... .....#
..............#########. .....#
........#####......##... .....#
........# #.....^#.8.. .....#
........# #......#.... .....#
#.........._


You could see Ijyb, a worm, a goblin and a ball python.

Vanquished Creatures
  Crazy Yiuf (D:2)
  2 adders (D:2)
  2 dart slugs (D:1)
  2 endoplasms
  3 giant cockroaches
  6 hobgoblins
  4 jackals (D:2)
  7 kobolds
  7 ball pythons
  3 bats
  6 frilled lizards
  6 goblins
  4 rats
53 creatures vanquished.

Notes
Turn   | Place    | Note
-------+----------+-------------------------------------------
     0 | D:1      | blackman the Human Monk began the quest for the Orb.
     0 | D:1      | Reached XP level 1. HP: 18/18 MP: 1/1
    16 | D:1      | Found Nuxa's Weapon Boutique.
   322 | D:1      | Reached XP level 2. HP: 23/24 MP: 2/2
   364 | D:1      | You fall into a shaft and drop 1 floor!
   837 | D:2      | Reached XP level 3. HP: 29/29 MP: 3/3
  1229 | D:1      | Noticed a shining eye
  1237 | D:1      | Found a faded altar of an unknown god.
  1239 | D:1      | Noticed a shining eye
  1239 | D:1      | Noticed a floating eye
  1239 | D:1      | Noticed a great orb of eyes
  1534 | D:1      | Became a worshipper of Zin the Law-Giver
  1534 | D:1      | Reached * piety under Zin
  1534 | D:1      | Reached ** piety under Zin
  1534 | D:1      | Reached *** piety under Zin
  1536 | D:1      | Identified a scroll of acquirement
  1537 | D:1      | Acquired a manual of Axes
  1896 | D:2      | Reached XP level 4. HP: 35/35 MP: 4/4
  2537 | D:2      | Found a runed translucent door.
  2538 | D:2      | Noticed Crazy Yiuf
  2546 | D:2      | Killed Crazy Yiuf
  2873 | D:2      | Found a sparkling altar of Nemelex Xobeh.
  3344 | D:3      | Found an opulent altar of Gozag.
  3393 | D:3      | Reached XP level 5. HP: 41/41 MP: 5/5
  3696 | D:3      | Noticed Ijyb
  3702 | D:3      | Killed from afar by Ijyb

Illustrated notes

Levels and vault maps discovered:
D:1:      grunt_arrival_lava_bath, layout_basic, serial_shops, shop,
          hellmonk_ecumenical_altar_watching_god, serial_park_tiny_pond
D:2:      wad_river_or_something, layout_loops_ring, basic_altar,
          uniq_crazy_yiuf_cottage
D:3:      layout_basic, grunt_gozag_statues, bh_walls_and_bars, uniq_ijyb,
          uniq_robin

Skill      XL: |  1  2  3  4  5 |
---------------+----------------+-----
Dodging        | 4 |  4.3
Axes           | 4 |  4.0
Fighting       | |  3.7
Stealth        | |  2.0

Action                   |  1- 3 |  4- 6 || total
-------------------------+-------+-------++-------
Melee: Hand axe          |    22 |       ||    22
       Dagger            |    21 |       ||    21
       Short sword       |    44 |    62 ||   106
Throw: Dart              |     1 |       ||     1
Invok: Recite            |       |     4 ||     4
       Vitalisation      |       |     3 ||     3
  Use: Scroll            |     2 |     1 ||     3
 Stab: Sleeping          |     6 |       ||     6
Armor: Robe              |    17 |     2 ||    19
       Scale mail        |       |    15 ||    15
Dodge: Dodged            |    51 |    36 ||    87

Table legend: (Time is in decaauts)
 A = Elapsed time spent in this place.
 B = Non-inter-level travel time spent in this place.
 C = Inter-level travel time spent in this place.
 D = Time resting spent in this place.
 E = Time spent auto-exploring this place.
 F = Levels seen in this place.
 G = Mean time per level.
                   A        B        C        D        E       F      G
               +--------+--------+--------+--------+--------+-----+--------+
         Total |   3717 |   3449 |    268 |   1157 |   1850 |   3 | 1239.0 |
       Dungeon |   3717 |   3449 |    268 |   1157 |   1850 |   3 | 1239.0 |
               +--------+--------+--------+--------+--------+-----+--------+

Top non-repeatable levels by time:
     D:2: 2232 daAuts
     D:1: 865 daAuts
     D:3: 619 daAuts
